 Dungeon Crawl Stone Soup version 0.30-a0-52-g86a8295270 (webtiles) character file.

Game seed: 13584918798109618221

2 drugrobin the Sneak (level 1, -2/18 HPs)
             Began as a Demigod Delver on Sept 7, 2022.
             Slain by a goblin
             ... wielding a +0 dagger
             ... led by Robin
              (3 damage)
             ... on level 4 of the Dungeon.
             The game lasted 00:01:16 (253 turns).

drugrobin the Sneak (Demigod Delver)                 Turns: 253, Time: 00:01:16

Health: -2/18      AC:  3    Str: 13    XL:     1   Next: 26%
Magic:  3/3        EV: 11    Int: 12    God:
Gold:   15         SH:  0    Dex: 15    Spells: 0/0 levels left

rFire   . . .      SeeInvis .    a - +0 short sword
rCold   . . .      Faith    .    (no shield)
rNeg    . . .      Spirit   .    h - +0 leather armour
rPois   .          Reflect  .    (no helmet)
rElec   .          Harm     .    (no cloak)
rCorr   .          Rampage  .    (no gloves)
Will    .....                    (no boots)
Stlth   +++.......               (no amulet)
HPRegen 0.06/turn                (no ring)
MPRegen 0.08/turn                (no ring)

@: hasted, very quick
A: high MP 1, forlorn, divine attributes
a: no special abilities


You were on level 4 of the Dungeon.
You visited 1 branch of the dungeon, and saw 2 of its levels.

You collected 15 gold pieces.

Inventory:

Hand Weapons
 a - a +0 short sword (weapon)
 b - a +0 sling
Armour
 h - a +0 leather armour (worn)
Wands
 g - a wand of digging (2)
 i - a wand of flame (17)
Scrolls
 c - a scroll of fog
 d - a scroll of magic mapping
 j - a scroll of immolation {unknown}


   Skills:
 - Level 2.6 Fighting
 + Level 2.0 Short Blades
 - Level 1.7 Dodging
 - Level 4.5 Stealth


You couldn't memorise any spells.
You didn't know any spells.
Your spell library contained the following spells:

 Spells                   Type           Power      Damage    Failure   Level
 Ensorcelled Hibernation  Hex/Ice        0%         N/A       54%         2
 Passwall                 Tmut/Erth      0%         N/A       54%         2
 Swiftness                Air            0%         N/A       77%         3


Dungeon Overview and Level Annotations

Branches:
Dungeon (5/15)
 Temple: D:4-7

Annotations:
D:4 Robin


Innate Abilities, Weirdness & Mutations

You have an increased reservoir of magic. (+10% MP)
You shall have no god before yourself.
Your divine heritage dramatically boosts your attributes as you level up.


Message History

Unknown command.
You hit the goblin.
You kill the goblin!
The goblin hits you with a +0 dagger. Robin throws the goblin at you!
The goblin hits you but does no damage.
Unknown command.
Unknown command.
Unknown command.
You hit the goblin.
The goblin is almost dead.
The goblin closely misses you. The goblin barely misses you.
Unknown command.
Unknown command.
You hit the goblin but do no damage.
The goblin is almost dead.
The goblin closely misses you. The goblin hits you but does no damage.
Unknown command.
Unknown command.
You hit the goblin.
You kill the goblin!
Robin throws the goblin at you! The goblin hits you but does no damage.
The goblin unwields a +0 sling.
The goblin wields a +0 dagger.
The goblin hits you but does no damage.
Your Short Blades skill increases to level 2!
Unknown command.
Unknown command.
You closely miss the goblin. The goblin hits you with a +0 dagger.
* * * LOW HITPOINT WARNING * * *
The goblin closely misses you.
Unknown command.
Unknown command.
Unknown command.
You feel yourself speed up. The goblin misses you.
The goblin hits you with a +0 dagger.
* * * LOW HITPOINT WARNING * * *
Unknown command.
Unknown command.
Unknown command.
You closely miss the goblin. The goblin hits you with a +0 dagger.
You die...

.###...###...###..
#....>h...###.....). #
.###...###...###...###.>
....###.........## ..g#
.###...###..h###g##...##
.....$.###..#..g.....
..### ###.#.....#
#####g.# #.g@gh.#
#<..#####g...# ....#
#...# .## ...# #.# ##


You could see a black bear, Robin and 5 goblins.

Vanquished Creatures
  2 goblins (D:4)
2 creatures vanquished.

Notes
Turn   | Place    | Note
-------+----------+-------------------------------------------
     0 | D:5      | drugrobin the Demigod Delver began the quest for the Orb.
     0 | D:5      | Reached XP level 1. HP: 18/18 MP: 3/3
    65 | D:5      | Noticed a necrophage
   112 | D:5      | Noticed a hound
   218 | D:5      | Noticed a scorpion
   230 | D:4      | Noticed a black bear
   239 | D:4      | Noticed Robin
   253 | D:4      | Slain by a goblin

Illustrated notes

Levels and vault maps discovered:
D:4:      nicolae_BIG_FREAKIN_CUBE, layout_rooms, uniq_robin,
          uniq_crazy_yiuf_cottage, uniq_edmund
D:5:      layout_basic, chequers_temple_overflow_statue_of_worship

Skill      XL: |  1 |
---------------+----+-----
Short Blades   | 2 |  2.0
Fighting       | |  2.6
Dodging        | |  1.7
Stealth        | |  4.5

Action                   || total
-------------------------++-------
Melee: Short sword       ||     8
Evoke: Wand              ||     1
  Use: Scroll            ||     1
       Potion            ||     1
Armor: Leather armour    ||     9
Dodge: Dodged            ||     7

Table legend: (Time is in decaauts)
 A = Elapsed time spent in this place.
 B = Non-inter-level travel time spent in this place.
 C = Inter-level travel time spent in this place.
 D = Time resting spent in this place.
 E = Time spent auto-exploring this place.
 F = Levels seen in this place.
 G = Mean time per level.
                   A        B        C        D        E       F      G
               +--------+--------+--------+--------+--------+-----+--------+
         Total |    251 |    251 |      0 |      0 |      0 |   2 |  125.5 |
       Dungeon |    251 |    251 |      0 |      0 |      0 |   2 |  125.5 |
               +--------+--------+--------+--------+--------+-----+--------+

Top non-repeatable levels by time:
     D:5: 229 daAuts
     D:4: 22 daAuts
